 Dungeon Crawl Stone Soup version 0.26-a0-487-gbff1e92059 (webtiles) character file.

Game seed: 9583534864283221884

439 Infinimo the Conjurer (level 7, -6/36 HPs)
             Began as a Tengu Fire Elementalist on Aug 1, 2020.
             Was a Follower of Vehumet.
             Mangled by Infinimo's ghost (8 damage)
             ... on level 4 of the Dungeon.
             The game lasted 00:04:40 (7004 turns).

Infinimo the Conjurer (Tengu Fire Elementalist)     Turns: 7004, Time: 00:04:41

Health: -6/36      AC:  2    Str:  8    XL:     7   Next: 1%
Magic:  9/13       EV: 28    Int: 17    God:    Vehumet [*.....]
Gold:   238        SH:  0    Dex: 15    Spells: 7/12 levels left

rFire    . . .     SeeInvis +   u - +0 whip (venom)
rCold    + . .     Faith    .   (no shield)
rNeg     . . .     Spirit   .   a - +0 robe
rPois    .         Reflect  .   (helmet restricted)
rElec    .         Harm     .   (no cloak)
rCorr    .                      (no gloves)
MR       .....                  (boots unavailable)
Stlth    ++........             p - amulet of the acrobat
HPRegen  0.12/turn              r - ring of protection from cold
MPRegen  0.13/turn              n - ring of see invisible

@: acrobat
A: beak, talons 3, able to fly
a: Fly, Renounce Religion


You were on level 4 of the Dungeon.
You worshipped Vehumet.
Vehumet was aware of your devotion.
You visited 1 branch of the dungeon, and saw 4 of its levels.
You also visited: Sewer.

You collected 238 gold pieces.

Inventory:

Hand Weapons
 u - a +0 whip of venom (weapon)
Armour
 a - a +0 robe (worn)
 k - a +0 pair of boots
 m - a +0 buckler
Jewellery
 c - an uncursed ring of resist corrosion
 n - a ring of see invisible (right hand)
 p - an amulet of the acrobat (around neck)
 r - a ring of protection from cold (left hand)
Wands
 b - a wand of iceblast (8)
Scrolls
 e - 3 scrolls of teleportation
 g - 2 scrolls of remove curse
 l - a scroll of fear
 z - a scroll of identify
Potions
 d - a potion of cancellation
 f - 2 potions of flight {unknown}
 h - 3 potions of brilliance
 i - a potion of curing
 j - a potion of degeneration {unknown}
 o - a potion of berserk rage
 s - 2 potions of haste {unknown}
 t - a potion of magic {unknown}
 v - a potion of lignification {unknown}
 w - a potion of invisibility {unknown}


   Skills:
 - Level 2.1 Dodging
 - Level 2.0 Stealth
 + Level 3.3 Spellcasting
 * Level 5.9 Conjurations
 * Level 5.8 Fire Magic


You had 7 spell levels left.
You knew the following spells:

 Your Spells              Type           Power        Failure   Level
a - Foxfire               Conj/Fire      ###.         1%          1
b - Sticky Flame          Conj/Fire      ###.....     14%         4

Your spell library contained the following spells:

 Spells                   Type           Power        Failure   Level
 Shock                    Conj/Air       ##..         4%          1
 Conjure Flame            Conj/Fire      ###.....     4%          3
 Inner Flame              Hex/Fire       ##......     16%         3
 Fireball                 Conj/Fire      ###.......   38%         5


Dungeon Overview and Level Annotations

Branches:
Dungeon (4/15)              Sewer (visited)
 Temple: D:4-7

Altars:
Kikubaaqudgha
Makhleb
Qazlal
Trog
Vehumet

Annotations:
D:4 Infinimo's ghost, novice HOFE


Innate Abilities, Weirdness & Mutations

You have a beak for a mouth.
You have claws for feet.
You can fly continuously.


Message History

Infinimo's ghost is lightly damaged.
Infinimo's ghost barely misses you.
Casting: Foxfire (safe; 1% risk of failure)
Confirm with . or Enter, or press ? or * to list all spells.
You conjure some foxfire!
Infinimo's ghost closely misses you.
The foxfire hits Infinimo's ghost but does no damage.
Infinimo's ghost is lightly damaged.
The foxfire hits Infinimo's ghost.
Infinimo's ghost resists.
Infinimo's ghost is moderately damaged.
Infinimo's ghost misses you.
Casting: Foxfire (safe; 1% risk of failure)
Confirm with . or Enter, or press ? or * to list all spells.
You conjure some foxfire!
Infinimo's ghost hits you!
* * * LOW HITPOINT WARNING * * *
The foxfire hits Infinimo's ghost but does no damage.
Infinimo's ghost is moderately damaged.
The foxfire hits Infinimo's ghost.
Infinimo's ghost resists.
Infinimo's ghost is moderately damaged.
Infinimo's ghost hits you!
You die...

.....#................##.[......#
.........##...........##<.......#
#..#...#..##.........>.#.......##
##.#..##.........#.#..##......##
#.....#..###.#.#.#.##......##.##
#.#......# #.###..........##...##
#.#..#..(# #..#........^...##...#
..#..#.#####....W...........#.###
.......##.##..#.@......####...# #
........#.......#......##.##.####
........#..#...........>.....#.#.
..#........##........#......†....
.##........#.###..<.##...........
####...........#....##..........#
.##..............................
....#.#.......................#..
#...............................#


You could see Infinimo's ghost.

Vanquished Creatures
  A phantom (D:3)
  A hound (D:4)
  An orc wizard (D:3)
  An iguana (D:4)
  Natasha (twice) (D:3)
  6 adders
  A river rat (D:3)
  3 oozes
  An adder skeleton (D:4)
  A worm (D:2)
  3 dart slugs
  4 leopard geckos
  11 orcs
  7 ball pythons
  2 giant cockroaches
  7 goblins
  6 hobgoblins
  20 jackals
  8 bats
  8 frilled lizards
  18 kobolds
  5 rats
117 creatures vanquished.

Vanquished Creatures (others)
  A wizard (D:3)
  539 foxfires
540 creatures vanquished.

Grand Total: 657 creatures vanquished

Notes
Turn   | Place    | Note
-------+----------+-------------------------------------------
     0 | D:1      | Infinimo the Tengu Fire Elementalist began the quest for
                  | the Orb.
     0 | D:1      | Reached XP level 1. HP: 10/10 MP: 4/4
   285 | D:1      | Reached XP level 2. HP: 11/15 MP: 6/6
   745 | D:1      | Reached XP level 3. HP: 16/19 MP: 2/7
  1978 | D:2      | Found a stormy altar of Qazlal.
  1998 | D:2      | Reached XP level 4. HP: 12/24 MP: 4/8
  3291 | D:2      | Found a radiant altar of Vehumet.
  3350 | D:2      | Found an ancient bone altar of Kikubaaqudgha.
  3355 | D:2      | Found a burning altar of Makhleb.
  3454 | D:2      | Became a worshipper of Vehumet
  3563 | D:3      | Found a glowing drain.
  3588 | Sewer    | Entered a sewer
  4074 | Sewer    | Gained mutation: You can fly continuously. [Tengu growth]
  4074 | Sewer    | Reached XP level 5. HP: 28/28 MP: 4/9
  5381 | D:3      | Reached * piety under Vehumet
  5381 | D:3      | Offered knowledge of Shock by Vehumet.
  5443 | D:3      | Noticed a phantom
  5463 | D:3      | Killed a phantom
  5463 | D:3      | Reached skill level 5 in Conjurations
  5463 | D:3      | Reached skill level 5 in Fire Magic
  5463 | D:3      | Reached XP level 6. HP: 21/32 MP: 4/11
  5639 | D:3      | Found a bloodstained altar of Trog.
  5640 | D:3      | Noticed a wizard
  5646 | D:3      | Killed a wizard
  5779 | D:3      | Noticed Natasha
  5794 | D:3      | Killed Natasha
  6070 | D:3      | Noticed Natasha
  6079 | D:3      | Killed Natasha
  6330 | D:4      | Learned a level 4 spell: Sticky Flame
  6741 | D:4      | Found a runed translucent gate.
  6741 | D:4      | Found a runed translucent gate.
  6741 | D:4      | Found a runed translucent gate.
  6745 | D:4      | Noticed Infinimo's ghost (novice HOFE)
  6816 | D:4      | Reached XP level 7. HP: 36/36 MP: 11/13
  7003 | D:4      | HP: 1/36 [Infinimo's ghost (8)]
  7004 | D:4      | Mangled by Infinimo's ghost

Illustrated notes

Levels and vault maps discovered:
D:1:      sevenhm_arrival_forest_fort_small_3, layout_rooms
D:2:      layout_basic, lemuel_coloured_pillars_altar,
          nicolae_overflow_hidden_temple, nicolae_overflow_crystal_walls
D:3:      layout_loops_ring, cheibrodos_sewer_entry_sluice,
          chequers_mini_garden, trog_wizard, uniq_natasha
D:4:      layout_cave_pools, gammafunk_ghost_split

Skill      XL: |  1  2  3  4  5 |
---------------+----------------+-----
Conjurations   | 2 3 4 5 |  5.9
Fire Magic     | 4 5 |  5.8
Spellcasting   | 3 |  3.3
Dodging        | |  2.1
Stealth        | |  2.0

Action                   |  1- 3 |  4- 6 |  7- 9 || total
-------------------------+-------+-------+-------++-------
Melee: Dagger            |    16 |     3 |       ||    19
       Kick              |     2 |     3 |       ||     5
       Peck              |     2 |     3 |       ||     5
       Whip              |       |    12 |       ||    12
 Cast: Foxfire           |   100 |   235 |    12 ||   347
  Use: Potion            |       |     4 |       ||     4
       Scroll            |       |     7 |     3 ||    10
Armor: Robe              |     3 |    15 |       ||    18
Dodge: Dodged            |    19 |    63 |     8 ||    90

Table legend: (Time is in decaauts)
 A = Elapsed time spent in this place.
 B = Non-inter-level travel time spent in this place.
 C = Inter-level travel time spent in this place.
 D = Time resting spent in this place.
 E = Time spent auto-exploring this place.
 F = Levels seen in this place.
 G = Mean time per level.
                   A        B        C        D        E       F      G
               +--------+--------+--------+--------+--------+-----+--------+
         Total |   7188 |   7019 |    169 |     22 |   5878 |   5 | 1437.6 |
       Dungeon |   5913 |   5744 |    169 |     22 |   4840 |   4 | 1478.2 |
         Sewer |   1275 |   1275 |      0 |      0 |   1038 |   1 | 1275.0 |
               +--------+--------+--------+--------+--------+-----+--------+

Top non-repeatable levels by time:
     D:2: 2143 daAuts
     D:3: 1679 daAuts
     D:1: 1349 daAuts
   Sewer: 1275 daAuts
     D:4: 741 daAuts
